 Dungeon Crawl Stone Soup version 0.19-a0-1676-g39ae8cc (webtiles) character file.

347 Television the Covert (level 6, -4/30 HPs)
             Began as a Spriggan Assassin on Sept 23, 2016.
             Slain by a mummy (19 damage)
             ... in an ossuary.
             The game lasted 00:06:34 (1383 turns).

Television the Covert (Spriggan Assassin)           Turns: 1383, Time: 00:06:35

Health: -4/30      AC:  3    Str:  7    XL:     6   Next: 32%
Magic:  7/7        EV: 17    Int: 13    God:
Gold:   123        SH:  0    Dex: 19    Spells: 0 memorised, 5 levels left

rFire  . . .     SeeInvis +     i - +1 short sword (venom)
rCold  . . .     Gourm    .     c - +0 robe
rNeg   . . .     Faith    .     (shield restricted)
rPois  .         Spirit   .     (helmet restricted)
rElec  .         Dismiss  .     d - +0 cloak
rCorr  .         Reflect  .     (gloves unavailable)
MR     +....     Harm     .     (boots unavailable)
Stlth  ++++++....               (no amulet)
                                (no ring)
                                (no ring)

@: very quick
A: unfitting armour, see invisible, herbivore 3, speed 3, slow metabolism 2
a: no special abilities


You were in an ossuary.
You were not hungry.

You visited 1 branch of the dungeon, and saw 7 of its levels.
You also visited: Ossuary.

You collected 123 gold pieces.

Inventory:

Hand Weapons
 a - a +2 dagger
 b - a +0 blowgun
 i - a +1 short sword of venom (weapon)
Missiles
 e - 12 poisoned needles
 f - 2 curare-tipped needles
Armour
 c - a +0 robe (worn)
 d - a +0 cloak (worn)
Wands
 o - a wand of random effects (9/48)
Scrolls
 h - 3 scrolls of identify
 j - 3 scrolls of remove curse
 k - a scroll of random uselessness
Potions
 l - 2 potions of resistance {unknown}
 m - a potion of degeneration {unknown}
 n - a potion of cancellation {unknown}
 p - a potion of haste {unknown}
 q - a potion of berserk rage {unknown}
Comestibles
 g - 4 bread rations


   Skills:
 + Level 2.0 Fighting
 + Level 2.8 Short Blades
 - Level 2.0 Throwing
 - Level 1.5 Dodging
 - Level 11.0 Stealth


You had 5 spell levels left.
You didn't know any spells.

Dungeon Overview and Level Annotations

Branches:
Dungeon (7/15)
 Temple: D:4-7

Altars:

Annotations:
D:2 Natasha
D:5 exclusion: downstairs


Innate Abilities, Weirdness & Mutations

You are tiny and cannot use many weapons and most armour.
You have supernaturally acute eyesight. (SInv)
You are a herbivore.
You cover ground extremely quickly.
You need consume almost no food.


Message History

Evoking this partially-identified wand wasted a few charges.
You hit the mummy but do no damage.
The mummy is moderately damaged.
You barely miss the mummy.
The mummy is moderately damaged.
The mummy barely misses you.
You hit the mummy but do no damage.
The mummy is moderately damaged.
You hit the mummy.
The mummy is moderately damaged.
The mummy hits you.
You hit the mummy but do no damage.
The mummy is moderately damaged.
You hit the mummy.
The mummy is heavily damaged.
You barely miss the mummy.
The mummy is heavily damaged.
The mummy hits you!!
Ouch! That really hurt!
You die...

#..###.......##
+...#.........#
#...'....⌠....+
+...#.........#
#..###.......#
+.# ##.....##
#. ###'### #.
#M# ? ##@## !
#.∩.# #.∩.#
#####


You could see a mummy.

Vanquished Creatures
  An ice beast (D:6)
  A phantom (D:5)
  A bullfrog (D:6)
  An iguana (D:6)
  4 mummies (Ossuary)
  2 worms (D:5)
  A dart slug (D:2)
  An orc (D:3)
  2 bats (D:1)
  2 hobgoblins (D:3)
  6 jackals
  A quokka (D:6)
  3 kobolds
  3 rats
29 creatures vanquished.

Notes
Turn   | Place    | Note
-------+----------+-------------------------------------------
     0 | D:1      | Television the Spriggan Assassin began the quest for the Orb.
     0 | D:1      | Reached XP level 1. HP: 10/10 MP: 2/2
    27 | D:1      | You fall through a shaft!
    28 | D:2      | Reached skill level 6 in Stealth
   125 | D:2      | Noticed Natasha
   242 | D:1      | Reached XP level 2. HP: 10/14 MP: 3/3
   385 | D:3      | Reached skill level 7 in Stealth
   535 | D:5      | Entered Level 5 of the Dungeon
   784 | D:5      | Reached XP level 3. HP: 18/18 MP: 4/4
  1072 | D:5      | Noticed a phantom
  1077 | D:5      | Killed a phantom
  1077 | D:5      | Reached skill level 9 in Stealth
  1077 | D:5      | Reached XP level 4. HP: 22/22 MP: 5/5
  1125 | D:6      | Noticed a bullfrog
  1125 | D:6      | Noticed an ice beast
  1153 | D:6      | Killed an ice beast
  1153 | D:6      | Reached skill level 10 in Stealth
  1153 | D:6      | Reached XP level 5. HP: 25/25 MP: 6/6
  1156 | D:6      | Reached skill level 11 in Stealth
  1156 | D:6      | Reached XP level 6. HP: 27/30 MP: 7/7
  1309 | D:7      | Found a sand-covered staircase.
  1319 | Ossuary  | Entered an ossuary
  1383 | Ossuary  | Slain by a mummy

Vault maps used:
D:1:      mainiacjoe_arrival_reflecting_pool, serial_bayou_pond_a,
          hangedman_abyss_or_decor_lesser_grid
D:2:      nicolae_overflow_hidden_temple, gammafunk_temple_overflow_pools,
          minmay_cupped, uniq_natasha
D:3:      minmay_misc_feat_square, uniq_iyjb
D:4:      okawaru_metal_pillars_3, marbit_many_paths, first_bread,
          grunt_decor_fettered, uniq_eustachio
D:5:      uniq_edmund
D:6:      lemuel_ratsnest, serial_curves, eino_curves_03, eino_curves_02,
          hangedman_decor_push, uniq_menkaure
D:7:      wad_guarded_room, lemuel_doored_altar, nicolae_ossuary_entry_ruins,
          basic_altar
Ossuary:  ossuary_crypta

Skill      XL: |  1  2  3  4  5  6 |
---------------+-------------------+-----
Stealth        | 6 7 9 10 11 | 11.0
Fighting       | 2 |  2.0
Short Blades   | |  2.8
Throwing       | |  2.0
Dodging        | |  1.5

Action                   |  1- 3 |  4- 6 || total
-------------------------+-------+-------++-------
Melee: Dagger            |     7 |       ||     7
       Short sword       |    51 |    33 ||    84
Evoke: Wand              |       |     6 ||     6
  Use: Scroll            |     2 |     2 ||     4
 Stab: Sleeping          |     7 |       ||     7
Armor: Robe              |     8 |     2 ||    10
Dodge: Dodged            |    63 |    17 ||    80
